 Dungeon Crawl Stone Soup version 0.22-a0-858-g985ef60 (webtiles) character file.

376 Gildeon the Magician (level 6, 0/32 HPs)
             Began as a Deep Elf Conjurer on July 27, 2018.
             Slain by a two-headed ogre
             ... wielding a +0 giant club
              (9 damage)
             ... on level 5 of the Dungeon.
             The game lasted 00:17:13 (3488 turns).

Gildeon the Magician (Deep Elf Conjurer)            Turns: 3488, Time: 00:17:14

Health: 0/32       AC:  6    Str:  5    XL:     6   Next: 44%
Magic:  15/15      EV: 16    Int: 22    God:
Gold:   191        SH:  0    Dex: 15    Spells: 1/15 levels left

rFire    . . .     SeeInvis .   m - +1 dagger (speed)
rCold    . . .     Gourm    .   (no shield)
rNeg     . . .     Faith    .   d - +1 steam dragon scales
rPois    .         Spirit   .   (no helmet)
rElec    .         Reflect  .   (no cloak)
rCorr    +         Harm     .   (no gloves)
MR       .....                  (no boots)
Stlth    +.........             i - amulet of magic regeneration
HPRegen  0.10/turn              j - ring of resist corrosion
MPRegen  0.39/turn              l - +1 ring of evasion

@: confused
A: no striking features
a: no special abilities


You were on level 5 of the Dungeon.
You were not hungry.

You visited 1 branch of the dungeon, and saw 5 of its levels.

You collected 191 gold pieces.

Inventory:

Hand Weapons
 m - a +1 dagger of speed (weapon)
Armour
 d - +1 steam dragon scales (worn)
Magical Staves
 b - an uncursed staff of fire
Jewellery
 e - an uncursed ring of ice
 f - a cursed ring of ice
 i - an amulet of magic regeneration (around neck)
 j - a ring of resist corrosion (left hand)
 l - a +1 ring of evasion (right hand)
Scrolls
 k - 2 scrolls of remove curse
 n - 4 scrolls of identify
Potions
 g - 2 potions of flight
 h - a potion of invisibility
 o - a potion of heal wounds
Comestibles
 a - 4 chunks of flesh
 c - 6 rations


   Skills:
 + Level 4.7 Dodging
 - Level 5.0 Stealth
 - Level 5.1 Spellcasting
 - Level 5.0 Conjurations
 + Level 2.7 Hexes
 + Level 0.5 Evocations


You had one spell level left.
You knew the following spells:

 Your Spells              Type           Power        Failure   Level  Hunger
a - Magic Dart            Conj           ####         1%          1    None
b - Searing Ray           Conj           ####..       1%          2    None
c - Dazzling Spray        Conj/Hex       ###...       6%          3    ##.....
d - Iskenderun's Mystic   Conj           ####....     13%         4    ####...
e - Fulminant Prism       Conj/Hex       ###.......   21%         4    ####...

Your spell library contained the following spells:

 Spells                   Type           Power        Failure   Level  Hunger
 Force Lance              Conj/Tloc      ###.....     34%         4    ####...


Dungeon Overview and Level Annotations

Branches:
Dungeon (5/15)
 Temple: D:4-7

Altars:

Annotations:
D:2 1 runed door
D:4 exclusion: ogre


Message History

Things that are here:
a hand axe; a leather armour; an orc corpse You butcher the orc corpse.
Things that are here:
a hand axe; a leather armour; 2 chunks of flesh
a - 4 chunks of flesh (gained 2)
There is a stone staircase leading down here.
The orc wizard casts a spell.
The orc wizard flickers and vanishes!
Deactivating autopickup; reactivate with Ctrl-A.
There is a stone staircase leading up here.
You are confused.
The two-headed ogre completely misses you.
The two-headed ogre misses you.
In your confused state, you trip and fall back down the stairs.
The two-headed ogre hits you with a giant club!!
Ouch! That really hurt!
* * * LOW HITPOINT WARNING * * *
The two-headed ogre hits you with a giant club!
You die...

#.. #.##+#
.###.)###.##.#######
......o............#
.......>....<......#
###########..####..#
######..####.>#
#.............#
#.............#
#.........O@..#
#.[...........#
###.##..#..#..#
###.###.##..#######
.............#
........<....#
.....##+###..# .#...
### #..


You could see a two-headed ogre.

Vanquished Creatures
  A scorpion (D:4)
  A howler monkey (D:4)
  A hound (D:4)
  An orc priest (D:5)
  A gnoll shaman (D:4)
  A worker ant (D:4)
  7 adders
  2 gnolls (D:4)
  3 worms
  6 dart slugs
  2 leopard geckos (D:2)
  3 orcs
  4 bats
  6 giant cockroaches
  9 goblins
  8 hobgoblins
  3 jackals (D:2)
  A quokka (D:3)
  8 kobolds
  10 rats
78 creatures vanquished.

Notes
Turn   | Place    | Note
-------+----------+-------------------------------------------
     0 | D:1      | Gildeon the Deep Elf Conjurer began the quest for the Orb.
     0 | D:1      | Reached XP level 1. HP: 10/10 MP: 6/6
   459 | D:1      | Reached XP level 2. HP: 15/15 MP: 6/8
   464 | D:1      | Learned a level 2 spell: Searing Ray
   661 | D:1      | You fall through a shaft!
   971 | D:1      | Reached XP level 3. HP: 19/19 MP: 6/10
   976 | D:1      | Learned a level 3 spell: Dazzling Spray
  1456 | D:2      | Reached skill level 5 in Conjurations
  1648 | D:2      | Reached XP level 4. HP: 24/24 MP: 3/12
  1654 | D:2      | Learned a level 4 spell: Iskenderun's Mystic Blast
  1865 | D:2      | Found a runed door.
  2510 | D:4      | Reached XP level 5. HP: 19/28 MP: 9/14
  2526 | D:4      | Noticed an ogre
  2694 | D:4      | Reached skill level 5 in Spellcasting
  2940 | D:4      | Reached skill level 5 in Stealth
  3004 | D:4      | Reached skill level 1 in Hexes
  3013 | D:4      | Learned a level 4 spell: Fulminant Prism
  3187 | D:4      | Reached XP level 6. HP: 32/32 MP: 12/15
  3448 | D:5      | Entered Level 5 of the Dungeon
  3473 | D:5      | Noticed a two-headed ogre
  3488 | D:5      | Slain by a two-headed ogre

Vault maps used:
D:1:      dpeg_arrival_fog
D:2:      hangedman_feature_mirror, uniq_crazy_yiuf_cottage
D:4:      first_ration
D:5:      grunt_temple_overflow_order_and_chaos_1, overflow_temple_1_default,
          temple_doors_ab

Skill      XL: |  1  2  3  4  5  6 |
---------------+-------------------+-----
Stealth        | 3 4 5 |  5.0
Spellcasting   | 4 5 |  5.1
Conjurations   | 5 |  5.0
Dodging        | 3 4 |  4.7
Hexes          | 1 2 |  2.7
Evocations     | |  0.5

Action                   |  1- 3 |  4- 6 || total
-------------------------+-------+-------++-------
Melee: Dagger            |    33 |    18 ||    51
 Cast: Magic Dart        |    70 |    99 ||   169
       Searing Ray       |       |     1 ||     1
  Use: Scroll            |     3 |     4 ||     7
 Stab: Sleeping          |     4 |     7 ||    11
  Eat: Chunk             |     2 |     3 ||     5
       Ration            |       |     1 ||     1
Armor: Robe              |     8 |     3 ||    11
       Steam dragon scal |       |     3 ||     3
Dodge: Dodged            |    34 |    31 ||    65

Table legend:
 A = Spawn XP
 B = Non-spawn XP
 C = Spawn XP percentage of total XP
 D = Spawn monster count
 E = Non-spawn monster count
 F = Spawn count percentage of total count
 G = Total turns spent on level
                    A         B        C        D         E        F      G
               +---------+---------+-------+---------+---------+-------+---------
         Total |       0 |     538 |   0.0 |       0 |      78 |   0.0 |  3488
               +---------+---------+-------+---------+---------+-------+---------
           D:1 |       0 |      32 |   0.0 |       0 |      17 |   0.0 |  1083
           D:2 |       0 |      79 |   0.0 |       0 |      26 |   0.0 |   819
           D:3 |       0 |      80 |   0.0 |       0 |      18 |   0.0 |   649
           D:4 |       0 |     301 |   0.0 |       0 |      15 |   0.0 |   897
           D:5 |       0 |      46 |   0.0 |       0 |       2 |   0.0 |    40
               +---------+---------+-------+---------+---------+-------+---------
